Map: [TLMC15] Glittering Ashes

Players

Solar - Winner!

  • Race: Zerg Zerg
  • League: Master

ByuN

  • Race: Terran Terran

Event: StayAtHome Story Cup #4

VOD

Have the link to the VOD?

Description

Time

  • Played on: Oct. 24, 2021, 11:55 a.m.
  • Length: 16:38

All games in this series

Show
View Real Time Build Order
Export as new Build Order

Solar Zerg - Winner!

Build Orders: Hatch First, Lurkers 

Get SALT Encoding   

  12  0:00  Drone  
  13  0:11  Overlord  
  13  0:17  Drone  
  14  0:30  Drone x2  
  16  0:46  Hatchery  
  15  0:51  Drone  
  15  0:54  Drone  
  18  0:57  Drone  
  18  1:09  Extractor  
  17  1:12  Spawning Pool  
  17  1:16  Drone  
  17  1:19  Drone  
  18  1:27  Drone  
  19  1:39  Drone  
  20  1:51  Drone  
  21  1:58  Queen x2  
  21  1:59  Zergling x4  
  27  2:09  Overlord  
  27  2:10  Drone  
  28  2:21  Hatchery  
  27  2:23  Drone  
  27  2:28  Drone  
  29  2:34  Queen  
  31  2:37  Drone  
  31  2:42  Overlord  
  32  2:47  Metabolic Boost  
  32  2:51  Drone  
  32  2:52  Drone  
  32  2:54  Drone  
  32  2:55  Drone  
  35  3:03  Drone x2  
  37  3:07  Drone x3  
  40  3:13  Queen  
  40  3:19  Overlord  
  42  3:21  Drone  
  42  3:26  Overlord  
  43  3:33  Drone, Queen  
  43  3:34  Drone  
  47  3:38  Zergling x4  
  47  3:39  Drone x2  
  47  3:40  Drone  
  52  3:43  Drone x2  
  52  3:45  Drone  
  55  3:48  Overlord  
  55  3:53  Queen  
  57  3:57  Drone x2  
  57  4:02  Overlord  
  59  4:05  Spore Crawler  
  59  4:08  Zergling x6  
  61  4:11  Queen  
  61  4:13  Zergling x4  
  65  4:17  Baneling Nest  
  65  4:18  Zergling x2  
  65  4:22  Drone x2  
  65  4:23  Drone x2  
  68  4:27  Spore Crawler  
  68  4:29  Drone  
  68  4:32  Lair  
  68  4:33  Drone x2  
  70  4:38  Drone  
  70  4:40  Overlord  
  70  4:42  Drone  
  71  4:46  Drone x3  
  71  4:47  Extractor  
  71  4:48  Extractor  
  71  4:50  Zergling x4  
  71  4:52  Overlord  
  74  4:57  Overlord  
  74  5:00  Overlord  
  74  5:03  Drone x4  
  78  5:08  Drone x2  
  78  5:09  Evolution Chamber x2  
  78  5:13  Zergling x2  
  79  5:19  Zergling x14  
  81  5:24  Zergling x2  
  78  5:29  Zergling x2  
  78  5:32  Drone  
  78  5:35  Drone x4  
  81  5:41  Drone  
  81  5:42  Drone  
  79  5:45  Drone  
  80  5:50  Zerg Ground Armor Level 1, Zerg Melee Weapons Level 1  
  80  5:54  Drone x2  
  80  5:56  Drone, Extractor  
  82  5:57  Extractor  
  81  6:04  Drone x2  
  81  6:05  Centrifugal Hooks  
  81  6:06  Drone  
  81  6:09  Hatchery  
  81  6:10  Drone  
  81  6:11  Drone  
  87  6:13  Zergling x2  
  87  6:15  Overlord  
  88  6:19  Hatchery, Overseer, Zergling x4  
  88  6:25  Drone  
  88  6:28  Drone, Spore Crawler  
  88  6:29  Drone  
  89  6:33  Drone x2  
  89  6:34  Drone x4  
  95  6:42  Zergling x6  
  98  6:50  Zergling x4, Pneumatized Carapace  
  98  6:51  Zergling x4  
  98  6:52  Zergling x4  
  103  6:58  Baneling x7  
  103  6:59  Baneling x2, Overlord  
  103  7:01  Overlord x2  
  103  7:03  Zergling x6  
  106  7:09  Zergling x6  
  106  7:11  Baneling x2  
  106  7:14  Zergling x4  
  111  7:16  Drone  
  111  7:21  Queen  
  112  7:24  Drone  
  112  7:25  Drone x2  
  112  7:26  Zergling x6  
  116  7:30  Zergling x8  
  116  7:32  Drone x2  
  116  7:36  Zergling x6  
  124  7:39  Overlord  
  124  7:41  Zergling x4  
  124  7:42  Zergling x2  
  126  7:45  Zerg Melee Weapons Level 2  
  126  7:47  Drone x2  
  127  7:51  Zergling x8  
  127  7:54  Drone  
  127  7:55  Baneling x2, Drone x2  
  127  7:56  Zerg Ground Armor Level 2  
  133  7:59  Zergling x6  
  133  8:00  Zergling x2  
  135  8:07  Infestation Pit, Zergling x12  
  135  8:08  Hydralisk Den  
  135  8:11  Spore Crawler  
  135  8:12  Drone  
  139  8:14  Drone x3  
  139  8:17  Extractor  
  139  8:18  Overlord x3  
  141  8:24  Zergling x6  
  144  8:28  Extractor  
  144  8:29  Hatchery, Zergling x6  
  144  8:31  Zergling x4  
  144  8:33  Baneling x7  
  147  8:35  Drone x3  
  147  8:36  Spore Crawler  
  147  8:37  Zergling x8  
  147  8:41  Drone  
  152  8:45  Hive  
  152  8:47  Hydralisk x5, Grooved Spines  
  152  8:48  Lurker Den  
  145  8:57  Zergling x10  
  145  9:00  Hydralisk x2  
  145  9:02  Zergling x12  
  151  9:09  Zergling x10  
  154  9:16  Lurker Den  
  150  9:20  Hydralisk x7  
  159  9:24  Zergling x2  
  159  9:25  Zergling x2  
  161  9:33  Drone x6, Lurker Den  
  161  9:35  Baneling x2, Overlord x2  
  161  9:36  Zergling x4  
  161  9:37  Zergling x2  
  169  9:44  Baneling x14  
  167  9:45  Zergling x4  
  167  9:48  Zergling x2  
  167  9:51  Zergling x6  
  166  9:55  Zergling x8  
  166  9:59  Muscular Augments, Drone x2  
  168  10:02  Drone x2  
  168  10:03  Overlord, Extractor  
  168  10:05  Drone  
  168  10:08  Viper x2  
  168  10:10  Zergling x10  
  168  10:13  Drone x3  
  181  10:16  Extractor  
  181  10:21  Baneling x6  
  180  10:26  Zergling x20  
  169  10:33  Lurker x3  
  169  10:34  Zergling x2  
  169  10:35  Zergling x10  
  172  10:37  Zergling x10  
  172  10:38  Zergling x2  
  172  10:39  Zergling x2  
  172  10:40  Zergling x2  
  180  10:44  Seismic Spines  
  180  10:47  Zerg Missile Weapons Level 1  
  180  10:54  Overlord  
  176  10:58  Zerg Ground Armor Level 3  
  176  10:59  Zergling x2  
  176  11:00  Zergling x18  
  177  11:11  Hydralisk x6  
  177  11:15  Lurker  
  189  11:18  Zergling x2  
  189  11:19  Zergling x16  
  189  11:21  Baneling x4  
  189  11:25  Zergling x4  
  200  11:31  Overseer  
  200  11:32  Zergling x4  
  199  11:36  Zergling x8  
  199  11:38  Zergling x2  
  200  11:40  Adrenal Glands  
  200  11:41  Adaptive Talons  
  200  11:43  Zergling x2  
  200  11:44  Zergling x2  
  200  11:49  Zergling x6  
  199  11:54  Lurker x3  
  194  12:06  Hydralisk x4, Zergling x2  
  199  12:10  Baneling x4  
  199  12:11  Hatchery  
  197  12:16  Zergling x4  
  199  12:22  Baneling  
  199  12:23  Baneling  
  199  12:27  Zergling x12  
  199  12:28  Zergling x4  
  199  12:35  Zergling x20  
  200  12:38  Lurker x2  
  200  12:45  Baneling x7  
  200  12:51  Zergling x16  
  193  12:52  Hydralisk x2  
  193  12:55  Lurker x4  
  198  13:08  Zergling x6  
  198  13:11  Overlord  
  187  13:15  Zergling x8  
  187  13:18  Zergling x16  
  187  13:19  Overseer x5  
  196  13:20  Overlord x4  
  196  13:25  Zergling x18  
  189  13:27  Hydralisk x2  
  189  13:28  Zerg Missile Weapons Level 2  
  189  13:31  Hydralisk  
  189  13:32  Hydralisk x3  
  189  13:33  Zergling x4  
  185  13:35  Zerg Melee Weapons Level 3  
  185  13:37  Zergling x4  
  167  13:42  Hydralisk x4  
  166  13:55  Zergling x6  
  169  13:56  Baneling x5  
  169  13:57  Lurker x7  
  169  13:59  Zergling x16  
  184  14:04  Lurker  
  184  14:06  Zergling x10  
  189  14:18  Baneling x9  
  189  14:20  Zergling x14  
  196  14:24  Hatchery  
  196  14:27  Zergling x10  
  190  14:33  Zergling x20  
  190  14:38  Zergling x10  
  178  14:42  Hydralisk x2  
  163  14:50  Zergling x10  
  163  14:51  Zergling x12  
  163  14:52  Zergling x4  
  157  14:53  Zergling x2  
  157  14:54  Zergling x2  
  157  14:55  Zergling x2  
  157  14:57  Hydralisk x2  
  162  15:01  Baneling x2  
  162  15:02  Baneling x4, Lurker  
  162  15:03  Lurker  
  164  15:10  Lurker x4  
  164  15:12  Baneling x4  
  164  15:13  Baneling x11  
  166  15:16  Zergling x8  
  166  15:19  Viper  
  173  15:24  Hydralisk x3  
  173  15:27  Zergling x8  
  183  15:31  Zergling x10  
  185  15:37  Zergling x12  
  185  15:39  Zergling x4  
  191  15:43  Hydralisk x2  
  191  15:46  Zergling x8  
  197  15:50  Zergling x4  
  197  15:56  Zergling x2  
  197  15:57  Zergling x10  
  189  16:04  Zergling x2  
  189  16:05  Zergling x12  
  189  16:10  Zergling x10  
  192  16:17  Zergling x4  
Show
View Real Time Build Order
Export as new Build Order

ByuN Terran 

Build Orders: Hellion Opening, Reaper Expand 

Get SALT Encoding   

  12  0:00  SCV  
  13  0:12  SCV  
  14  0:16  Supply Depot  
  14  0:24  SCV  
  15  0:38  SCV  
  15  0:39  Barracks  
  16  0:43  Refinery  
  16  0:50  SCV  
  17  1:02  SCV  
  18  1:14  SCV  
  19  1:26  Reaper, Orbital Command  
  20  1:38  Command Center  
  20  1:47  Supply Depot  
  20  1:52  SCV  
  21  1:58  Marine  
  22  2:04  SCV  
  22  2:07  Factory  
  23  2:11  Refinery  
  23  2:16  SCV  
  23  2:20  Barracks Reactor  
  24  2:28  SCV  
  25  2:40  SCV  
  26  2:51  Starport  
  26  2:52  Orbital Command  
  26  2:53  SCV  
  27  2:59  Hellion x2  
  27  3:04  Marine  
  27  3:05  SCV  
  33  3:14  Supply Depot  
  33  3:17  SCV x2  
  35  3:21  Hellion x2  
  35  3:23  Marine  
  40  3:27  Medivac  
  40  3:31  SCV x2  
  44  3:36  Armory  
  44  3:42  Hellion x2  
  44  3:48  Supply Depot  
  48  3:49  SCV  
  48  3:50  SCV  
  48  3:53  Barracks Tech Lab  
  50  4:01  SCV  
  52  4:02  SCV  
  52  4:04  Hellion  
  52  4:09  Liberator  
  59  4:10  Hellion  
  59  4:12  Supply Depot  
  59  4:16  SCV x2  
  61  4:23  Stimpack  
  61  4:28  SCV  
  62  4:34  SCV, Hellion x2  
  67  4:46  Marine  
  67  4:49  SCV  
  67  4:50  SCV  
  70  4:53  Command Center  
  70  4:57  Supply Depot  
  70  5:10  Starport Reactor  
  70  5:14  Barracks  
  70  5:16  Barracks, Factory Reactor  
  70  5:18  Marine  
  70  5:19  SCV  
  68  5:26  SCV, Refinery x2  
  68  5:28  Engineering Bay x2  
  66  5:31  SCV  
  60  5:36  Marine  
  60  5:38  SCV  
  60  5:43  SCV  
  60  5:45  Barracks  
  60  5:46  Barracks  
  57  5:50  SCV  
  57  5:54  Marine  
  57  5:55  SCV  
  60  5:59  Terran Infantry Weapons Level 1, Terran Infantry Armor Level 1  
  60  6:02  SCV  
  60  6:03  Factory Reactor  
  61  6:04  Combat Shield  
  61  6:07  SCV, Orbital Command  
  63  6:12  Marine x3  
  63  6:14  Marine x2  
  63  6:15  Medivac x2  
  63  6:18  SCV  
  72  6:19  SCV  
  72  6:22  Terran Vehicle And Ship Armor Level 1  
  73  6:29  Marine  
  73  6:30  Marine x2  
  73  6:31  SCV x2  
  73  6:32  Marine x2  
  80  6:33  Supply Depot  
  80  6:34  Orbital Command  
  80  6:35  Barracks Reactor x2  
  80  6:36  Supply Depot  
  80  6:43  SCV x2  
  84  6:47  Widow Mine x2, Marine  
  84  6:48  Marine x2  
  84  6:50  Marine x2, Medivac  
  93  6:54  Medivac  
  93  6:57  SCV x2  
  93  6:59  Supply Depot  
  93  7:01  SCV  
  98  7:02  Supply Depot  
  98  7:05  Marine  
  101  7:08  Widow Mine  
  101  7:09  Widow Mine, SCV x2  
  101  7:13  Supply Depot x2, SCV  
  106  7:17  Marine  
  106  7:18  Marine x2  
  106  7:20  Marine x3  
  106  7:21  SCV, Marine x2  
  115  7:23  Marine  
  116  7:31  Widow Mine x2  
  116  7:35  Marine x2  
  116  7:36  Marine  
  122  7:37  SCV x2  
  122  7:38  SCV  
  122  7:42  Supply Depot  
  122  7:44  Supply Depot  
  125  7:46  Factory  
  125  7:51  Medivac  
  127  7:52  Widow Mine x2, Marine x2  
  127  7:53  Marine x2  
  127  7:54  Marine x3  
  127  7:56  Marine  
  139  8:00  Terran Infantry Armor Level 2  
  139  8:03  Terran Infantry Weapons Level 2  
  138  8:08  Marine  
  138  8:10  Refinery  
  139  8:19  Marine x7  
  142  8:20  Marine  
  142  8:21  Widow Mine x2  
  142  8:25  Marine  
  149  8:31  Factory Tech Lab  
  149  8:34  SCV  
  149  8:35  SCV x2  
  149  8:36  Marine  
  149  8:38  Command Center  
  153  8:47  Marine x3  
  153  8:48  Marine  
  157  8:53  Marine x2  
  157  8:54  Marine  
  157  8:55  Widow Mine x2  
  157  9:00  Marine x2  
  148  9:08  Barracks  
  148  9:09  Barracks x2  
  148  9:12  Marine x3  
  148  9:16  Marine x2  
  151  9:21  Widow Mine x2  
  151  9:23  Medivac  
  157  9:27  Drilling Claws  
  157  9:28  Marauder  
  157  9:34  Marine x2  
  157  9:36  Supply Depot  
  157  9:37  Marine x4  
  157  9:38  Supply Depot x2, Widow Mine, Medivac  
  165  9:49  Marine x3  
  165  9:50  Barracks  
  165  9:51  Barracks  
  165  9:52  Widow Mine, Marine x2  
  168  9:55  Marine x2  
  168  9:59  Marine  
  165  10:00  Marine  
  165  10:05  SCV x3  
  169  10:07  Marine x3  
  169  10:09  Barracks Tech Lab x3  
  169  10:10  Marine, Medivac x2  
  173  10:15  Marine x2  
  173  10:16  Marine  
  173  10:17  Widow Mine x2  
  180  10:22  Widow Mine  
  180  10:25  Marauder, Marine  
  180  10:26  Marine  
  164  10:29  Marine x2  
  164  10:30  Marine x2  
  164  10:31  Marauder  
  163  10:35  Marine x2  
  163  10:36  Marine x2  
  163  10:39  Widow Mine  
  169  10:43  Terran Infantry Weapons Level 3  
  169  10:44  Planetary Fortress  
  169  10:47  Marauder  
  170  10:53  Marauder x2  
  170  10:54  Marauder  
  176  10:59  Marine x2  
  176  11:00  Marine  
  176  11:01  Terran Infantry Armor Level 3  
  179  11:08  Marauder  
  173  11:17  Ghost Academy  
  172  11:19  Supply Depot, Marauder x2  
  172  11:20  Marine x3  
  172  11:21  Marine x2  
  172  11:23  Marine x2  
  185  11:29  Reaper, Marauder  
  186  11:37  SCV x3  
  186  11:38  Marine x2  
  186  11:39  Marine x2  
  181  11:51  Ghost x3  
  181  11:52  Ghost  
  184  11:54  SCV x2  
  184  11:57  SCV  
  182  12:01  Factory Tech Lab  
  182  12:03  Medivac x2  
  182  12:05  Personal Cloaking  
  182  12:06  SCV  
  185  12:12  Refinery  
  183  12:20  Ghost x4  
  183  12:22  Widow Mine  
  193  12:28  Marine x3  
  193  12:29  Marine x4  
  200  12:35  Concussive Shells  
  196  12:44  Command Center  
  196  12:45  Missile Turret, Command Center  
  184  12:53  Marine  
  184  12:54  Marine x2  
  184  12:55  Ghost x2  
  187  12:58  Ghost  
  187  13:01  Ghost  
  170  13:17  Marine x3  
  170  13:18  Marine x2  
  167  13:23  Ghost x2  
  136  13:27  Ghost  
  136  13:29  Marine x2  
  128  13:35  Ghost  
  128  13:41  Marine  
  121  13:42  Marine x2  
  121  13:48  Marine x2, Medivac  
  125  13:49  Marine x3  
  125  13:52  Ghost  
  125  13:53  Marauder  
  125  13:54  SCV x2  
  125  13:55  SCV  
  137  13:56  Marauder  
  137  13:57  Widow Mine  
  137  13:59  Widow Mine, Marine  
  137  14:00  Marine  
  145  14:09  Marauder  
  145  14:14  Marauder  
  147  14:18  Marauder  
  147  14:36  Marauder x2, Marine x2  
  127  14:43  Marine x2  
  127  14:44  Marine x2  
  111  14:53  Marine  
  111  14:54  Marine  
  111  14:57  Medivac x2  
  111  14:58  SCV  
  111  14:59  SCV x2  
  117  15:00  Orbital Command  
  117  15:06  Marine x5  
  122  15:10  SCV  
  122  15:11  SCV x2  
  125  15:16  Marine x5  
  130  15:22  Marauder  
  130  15:25  Widow Mine x2  
  136  15:28  Marine x2  
  136  15:35  Marine x4  
  140  15:36  Marine  
  143  15:48  Sensor Tower  
  143  15:49  Marauder x2  
  149  15:50  Marauder  
  149  15:51  Marine  
  143  16:00  Orbital Command  
  123  16:05  Ghost  
  121  16:13  Marauder  
  121  16:14  Marauder, Marine  
Tags
 
Add a new tag
Caveats
  • Supply blocks, unpowered buildings, or Contaminate may cause inaccurate times.
  • Supply counts are checked every 10 seconds.